 Dungeon Crawl Stone Soup version 0.29.0-11-gd7f09526c8 (webtiles) character file.

Game seed: 4989999063282518682

120051 Arum the Warrior (level 17, -1/153 HPs)
             Began as a Formicid Fighter on Sept 3, 2022.
             Was a High Priest of Okawaru.
             Slain by a wolf spider (12 damage)
             ... on level 1 of the Spider Nest.
             The game lasted 01:05:13 (38025 turns).

Arum the Warrior (Formicid Fighter)                Turns: 38025, Time: 01:05:14

Health: -1/153     AC: 24    Str: 27      XL:     17   Next: 36%
Magic:  16/22      EV:  8    Int:  9 (10) God:    Okawaru [*****.]
Gold:   1823       SH: 24    Dex: 12 (13) Spells: 16/16 levels left

rFire   x . .      SeeInvis +   y - +1 broad axe (flame)
rCold   + + .      Faith    .   f - +1 tower shield
rNeg    . . .      Spirit   .   V - +3 plate armour {rC+}
rPois   +          Reflect  +   (helmet unavailable)
rElec   .          Harm     .   q - +0 cloak
rCorr   .          Rampage  .   c - +0 pair of gloves
Will    +++..                   t - +0 pair of boots of Vanity {+Blink rPois rF- Will++}
Stlth   ..........              w - amulet of reflection
HPRegen 0.35/turn               G - ring of poison resistance
MPRegen 0.18/turn               X - ring of protection from cold

@: no status effects
A: permanent stasis, dig shafts and tunnels, antennae 3, four strong arms,
deterioration 1
a: Dig, Shaft Self, Renounce Religion, Heroism, Finesse, Duel


You were on level 1 of the Spider Nest.
You worshipped Okawaru.
Okawaru was extremely pleased with you.
You visited 5 branches of the dungeon, and saw 24 of its levels.
You also visited: Bailey, Gauntlet and Ice Cave.

You collected 3689 gold pieces.
You spent 1866 gold pieces at shops.

Inventory:

Hand Weapons
 a - a +0 executioner's axe
 b - a +0 battleaxe
 y - a +1 broad axe of flaming (weapon)
Missiles
 B - 12 javelins
 M - a throwing net
 T - 8 silver javelins
Armour
 c - a +0 pair of gloves (worn)
 e - +0 fire dragon scales
 f - a +1 tower shield (worn)
 n - a +0 pair of boots
 q - a +0 cloak (worn)
 t - the +0 pair of boots of Vanity (worn) {+Blink rPois rF- Will++}
   (Okawaru gifted it to you on level 13 of the Dungeon)

   rF:        It makes you vulnerable to fire.
   rPois:     It protects you from poison.
   +Blink:    It lets you blink.
   Will:      It greatly increases your willpower.
 F - a +2 chain mail of willpower
 H - a +2 chain mail of poison resistance
 P - a scarf of shadows
 V - a +3 plate armour of cold resistance (worn)
Jewellery
 u - a ring of protection from cold
 w - an amulet of reflection (around neck)
 z - an amulet of regeneration
 G - a ring of poison resistance (left hand)
 K - a ring of flight
 X - a ring of protection from cold (right hand)
 Y - a ring of protection from fire
Wands
 r - a wand of flame (30)
 D - a wand of digging (5)
 O - a wand of roots (1)
Scrolls
 i - 4 scrolls of noise
 j - 7 scrolls of enchant weapon
 k - 5 scrolls of immolation
 l - 4 scrolls of fear
 o - 2 scrolls of enchant armour
 p - 15 scrolls of identify
 v - 4 scrolls of amnesia
 E - a scroll of silence
 L - a scroll of summoning
 N - 3 scrolls of poison
 R - 6 scrolls of magic mapping
Potions
 d - a potion of might
 g - 5 potions of flight
 m - 2 potions of mutation
 s - 3 potions of invisibility
 x - 2 potions of resistance
 A - 2 potions of magic
 I - 2 potions of ambrosia
 J - 8 potions of brilliance
 Q - a potion of lignification
 S - a potion of attraction
Miscellaneous
 h - a condenser vane (inert)
 C - a tin of tremorstones (inert)


   Skills:
 * Level 19.1 Fighting
 + Level 13.5(14.0) Axes
 - Level 5.6(10.4) Maces & Flails
 - Level 15.0 Armour
 + Level 4.9 Dodging
 - Level 16.0 Shields
 + Level 7.2 Invocations


You had 16 spell levels left.
You didn't know any spells.
Your spell library contained the following spells:

 Spells                   Type           Power      Damage    Failure   Level
 Beastly Appendage        Tmut           0%         N/A       100%        1
 Foxfire                  Conj/Fire      0%         2x1d4     100%        1
 Freeze                   Ice            0%         1d3       100%        1
 Necrotise                Necr           0%         1d4       100%        1
 Sandblast                Erth           0%         2d4       100%        1
 Sting                    Tmut/Pois      0%         1d3       100%        1
 Passwall                 Tmut/Erth      0%         N/A       100%        2
 Poisonous Vapours        Pois/Air       0%         N/A       100%        2
 Static Discharge         Conj/Air       0%         3-3/arc   100%        2
 Wereblood                Tmut           0%         N/A       100%        2
 Confusing Touch          Hex            0%         N/A       100%        3
 Conjure Flame            Conj/Fire      0%         6-21      100%        3
 Frozen Ramparts          Ice            0%         1d1       100%        3
 Ignite Poison            Fire/Tmut/Pois 0%         N/A       100%        3
 Mephitic Cloud           Conj/Pois/Air  0%         N/A       100%        3
 Spider Form              Tmut/Pois      0%         N/A       100%        3
 Stone Arrow              Conj/Erth      0%         3d7       100%        3
 Vampiric Draining        Necr           0%         2d6       100%        3
 Airstrike                Air            0%         2d(0-16)  100%        4
 Corpse Rot               Necr/Pois/Air  0%         N/A       100%        4
 Hailstorm                Conj/Ice       0%         3d3       100%        4
 Agony                    Necr           0%         N/A       100%        5
 Fireball                 Conj/Fire      0%         3d3       100%        5
 Freezing Cloud           Conj/Ice/Air   0%         6-21      100%        5
 Lightning Bolt           Conj/Air       0%         1d11      100%        5
 Yara's Violent Unravell  Hex/Tmut       0%         3d3       100%        5
 Enfeeble                 Hex            0%         N/A       100%        7
 Maxwell's Capacitive Co  Air            0%         ∞         100%        8
 Polar Vortex             Ice            0%         N/A       100%        9
 Summon Lightning Spire   Summ/Air       Unusable   N/A       N/A         4
 Simulacrum               Ice/Necr       Unusable   N/A       N/A         6

Dungeon Overview and Level Annotations

Branches:
Dungeon (15/15)            Temple (1/1) D:4            Lair (5/5) D:9
 Shoals (0/4) Lair:3       Spider (1/4) Lair:3        Slime (0/5) Lair:5
    Orc (2/2) D:11            Elf (0/3) Orc:2        Vaults (0/5) D:13
 Depths (0/4) D:15         Bailey (visited)           IceCv (visited)
Gauntlet (visited)

Altars:
Ashenzari
Cheibriados
Dithmenos
Elyvilon
Fedhas
Gozag
Hepliaklqana
Kikubaaqudgha
Makhleb
Nemelex Xobeh
Okawaru
Qazlal
Ru
Sif Muna
Trog
Uskayaw
Vehumet
Wu Jian
Xom
Yredelemnul
Zin
The Shining One
Jiyva

Shops:
D:11 (   D:12 [   D:15 *   Orc:2 (([(**

Annotations:
Lair:2 exclusion: oklob plant
Lair:4 exclusion: 4 oklob plants
Lair:5 exclusion: 5 oklob plants


Innate Abilities, Weirdness & Mutations

You cannot be hasted, slowed, berserked, paralysed or teleported.
You can dig through walls and to a lower floor.
You have a pair of large antennae on your head. (SInv)
Your four strong arms can wield two-handed weapons with a shield.
Your body sometimes deteriorates upon taking damage.


Message History

Unknown command.
Aiming: Paralyse
Press: ? - help, Shift-Dir - straight line, f - wolf spider
Aim: a wolf spider (chance to affect: 49%)
The wolf spider resists with some effort.
The now-empty wand crumbles to dust.
You feel sick.
The wolf spider is engulfed in noxious fumes.
The wolf spider appears confused.
You feel sick. You block the wolf spider's attack.
The wolf spider bites you but does no damage.
The wolf spider hits itself.
The wolf spider bites itself!
You see here a ghost moth corpse.
You catch the helpless wolf spider completely off-guard!
You slash the wolf spider! You burn the wolf spider.
The wolf spider is moderately wounded.
You feel sick.
You are no longer poisoned.
Things that are here:
22 gold pieces; a jumping spider corpse You slash the wolf spider!
You burn the wolf spider.
The wolf spider is heavily wounded.
The wolf spider is engulfed in noxious fumes.
You slash the wolf spider! You burn the wolf spider.
The wolf spider is almost dead.
A redback comes into view.
You see here a ghost moth corpse.
The wolf spider seems less confused.
You see here a scarf of shadows.
P - a scarf of shadows You closely miss the wolf spider.
The wolf spider is almost dead.
You block the wolf spider's attack. The wolf spider closely misses you.
You block the wolf spider's attack. The wolf spider barely misses you.
You hit the wolf spider but do no damage.
The wolf spider is almost dead.
You block the wolf spider's attack. x2
You hit the wolf spider. You burn the wolf spider.
The wolf spider is almost dead.
You block the wolf spider's attack. x2; The wolf spider hits you!
You die...

#....... #.#
#.####^#..^..........
..##.........#..#.......
#..........$..#.........
#.......................
#(#...#..#....# .......
##....#.○#.....##.......
s##.......^†#.............
.......$s@......#.........
#.......†##...............
.##.......................
........$.................
..........................
........##................
..#..##.##^........#......
##### ####.........?.[....
#.....†...........


You could see a wolf spider.

Vanquished Creatures
  Jorgrun (Orc:2)
  Rupert (Lair:4)
  Agnes (D:15)
  A ghost moth (Spider:1)
  A balrug (Orc:1)
  The ghost of SlaveLabor the Black Sun, a journeyman DEEE of Kikubaaqudgha (Orc:2)
  A stone giant (D:15)
  A reaper (IceCv)
  A minotaur (Gauntlet)
  A spark wasp (Spider:1)
  Josephine (D:15)
  2 fire dragons (Lair:5)
  4 vault guards (D:13)
  3 boulder beetles
  A jorogumo (Spider:1)
  3 radroaches (Spider:1)
  Erica (D:9)
  A death knight (D:13)
  3 two-headed ogres
  9 hydras
  5 death yaks (Lair:3)
  3 catoblepae
  5 centaur warriors
  An alligator (shapeshifter) (D:15)
  4 tengu warriors
  An orc high priest (Orc:2)
  2 large abominations (Gauntlet)
  A fire crab (Lair:4)
  A skeletal warrior (D:13)
  A fire crab (shapeshifter) (D:15)
  A swamp dragon (Lair:5)
  A pharaoh ant (Spider:1)
  3 steelbarb worms (Spider:1)
  A wizard (D:15)
  9 orc knights
  2 lindwurms (Lair:5)
  A deep elf pyromancer (D:14)
  5 ugly things
  5 wolf spiders
  A worldbinder (Gauntlet)
  5 manticores
  9 elephants (Lair:5)
  3 cyclopes
  2 black mambas
  11 torpor snails
  2 ice statues (IceCv)
  A gargoyle (D:11)
  5 cane toads
  6 komodo dragons
  A kobold demonologist (D:13)
  7 yaktaurs
  2 rime drakes (Lair:5)
  2 unseen horrors
  2 efreet (D:15)
  2 demonic crawlers (Spider:1)
  A tengu conjurer (D:14)
  5 ice devils (IceCv)
  2 anaconda simulacra (IceCv)
  11 trolls
  3 meliai (D:15)
  3 polar bears
  7 hornets (Lair:5)
  2 wolf spider simulacra
  11 tarantellas (Spider:1)
  3 tyrant leeches (Lair:5)
  7 blink frogs (Lair:5)
  9 slime creatures
  A snapping turtle (Lair:3)
  A centaur simulacrum (D:13)
  6 jumping spiders (Spider:1)
  A vampire (D:10)
  5 culicivoras
  2 shadows (D:11)
  3 wyverns
  11 wraiths
  Eustachio (D:6)
  91 yaks
  5 vampire mosquitoes
  5 basilisks
  Grum (D:10)
  A dire elephant simulacrum (IceCv)
  14 redbacks
  A steam dragon (Lair:5)
  4 wargs
  2 death yak simulacra (IceCv)
  5 acid dragons
  8 water moccasins
  5 black bears
  2 swamp drakes (Lair:5)
  2 ice beasts
  51 orc warriors
  2 sky beasts
  3 boggarts
  18 wolves
  20 centaurs
  3 small abominations (Gauntlet)
  8 ogres
  2 kobold brigands (D:10)
  11 bullfrogs
  5 gnoll sergeants
  A two-headed ogre simulacrum (IceCv)
  A cane toad simulacrum (IceCv)
  3 scorpions (D:9)
  A wight (D:10)
  8 killer bees
  3 howler monkeys
  An electric eel (Lair:3)
  3 jellies
  4 hounds
  15 orc priests
  8 iguanas
  26 orc wizards
  2 polar bear simulacra (IceCv)
  4 spriggan simulacra (IceCv)
  A wolf simulacrum (IceCv)
  4 troll simulacra (IceCv)
  10 gnolls
  13 adders
  2 naga simulacra (IceCv)
  9 white imps
  3 ufetubi
  A worm (D:3)
  76 orcs
  3 ball pythons
  2 bats
  4 endoplasms
  4 giant cockroaches
  17 goblins
  A hobgoblin (D:3)
  14 jackals
  4 quokkas
  4 frilled lizards
  22 kobolds
  2 rats (D:3)
791 creatures vanquished.

Vanquished Creatures (others)
  A catoblepas (Lair:4)
  2 ogre magi (D:15)
  A jumping spider (Spider:1)
  A swamp drake (Lair:5)
  An orc (Orc:2)
  24 demonic plants (Gauntlet)
  36 fungi
  65 plants
131 creatures vanquished.

Grand Total: 922 creatures vanquished

Notes
Turn   | Place    | Note
-------+----------+-------------------------------------------
     0 | D:1      | Arum the Formicid Fighter began the quest for the Orb.
     0 | D:1      | Reached XP level 1. HP: 18/18 MP: 1/1
   234 | D:1      | Reached XP level 2. HP: 23/24 MP: 2/2
   780 | D:2      | Reached XP level 3. HP: 20/29 MP: 3/3
  1035 | D:2      | HP: 1/30 [poisoned by an adder]
  1584 | D:2      | Reached XP level 4. HP: 35/37 MP: 4/4
  2099 | D:3      | Reached skill level 4 in Fighting
  2302 | D:3      | Reached XP level 5. HP: 37/42 MP: 5/5
  2468 | D:3      | Reached skill level 5 in Shields
  2858 | D:4      | Found a staircase to the Ecumenical Temple.
  2874 | Temple   | Entered the Ecumenical Temple
  3115 | Temple   | Became a worshipper of Warmaster Okawaru
  3201 | D:4      | Noticed a black bear
  3212 | D:4      | Killed a black bear
  3213 | D:4      | Reached XP level 6. HP: 27/49 MP: 6/6
  3228 | D:4      | Noticed an ogre
  3238 | D:4      | Killed an ogre
  3238 | D:4      | Reached * piety under Okawaru
  3251 | D:4      | Found a stormy altar of Qazlal.
  3666 | D:4      | Noticed an ogre
  3677 | D:4      | Killed an ogre
  3678 | D:4      | Reached skill level 5 in Fighting
  3678 | D:4      | Reached skill level 5 in Armour
  3678 | D:4      | Reached XP level 7. HP: 17/56 MP: 7/7
  3917 | D:5      | Entered Level 5 of the Dungeon
  5031 | D:6      | Reached XP level 8. HP: 56/63 MP: 5/8
  5154 | D:6      | Noticed Eustachio
  5160 | D:6      | Reached ** piety under Okawaru
  5161 | D:6      | Reached skill level 6 in Fighting
  5171 | D:6      | Reached skill level 5 in Axes
  5197 | D:6      | Killed Eustachio
  5650 | D:6      | Reached XP level 9. HP: 69/71 MP: 9/9
  6302 | D:7      | Reached skill level 1 in Invocations
  6328 | D:7      | Found a flagged portal.
  6339 | Bailey   | Entered a bailey
  6359 | Bailey   | Noticed an orc knight
  6390 | Bailey   | Reached skill level 7 in Fighting
  6396 | Bailey   | Reached *** piety under Okawaru
  6891 | Bailey   | Killed an orc knight
  7168 | Bailey   | Reached XP level 10. HP: 40/80 MP: 12/12
  7464 | Bailey   | Noticed an orc knight
  7490 | Bailey   | Killed an orc knight
  7490 | Bailey   | Received a gift from Okawaru
  7490 | Bailey   | Reached **** piety under Okawaru
  7491 | Bailey   | Reached skill level 8 in Fighting
  8319 | D:7      | Reached skill level 10 in Shields
  8460 | D:7      | Found a basalt altar of Yredelemnul.
  8639 | D:7      | Noticed a brown ugly thing
  8647 | D:7      | Killed a brown ugly thing
  9520 | D:8      | Found a hazy altar of Hepliaklqana.
  9522 | D:8      | Found an opulent altar of Gozag.
  9524 | D:8      | Found a shimmering blue altar of Sif Muna.
  9524 | D:8      | Found a glowing silver altar of Zin.
  9582 | D:8      | Found a glowing golden altar of the Shining One.
 10003 | D:9      | Reached skill level 9 in Fighting
 10061 | D:9      | Noticed Erica
 10087 | D:9      | Killed Erica
 10088 | D:9      | Reached XP level 11. HP: 53/89 MP: 11/13
 10341 | D:9      | Found a staircase to the Lair.
 10411 | D:9      | Received a gift from Okawaru
 10416 | D:9      | Reached ***** piety under Okawaru
 10620 | D:9      | Found a sacrificial altar of Ru.
 10665 | D:9      | Found a white marble altar of Elyvilon.
 11437 | D:10     | Entered Level 10 of the Dungeon
 11553 | D:10     | Noticed Grum
 11580 | D:10     | Killed Grum
 12010 | D:10     | Noticed a two-headed ogre
 12018 | D:10     | Killed a two-headed ogre
 12018 | D:10     | Identified the +1 pair of gloves of Infinity {rPois Will-
                  | Int+2} (Okawaru gifted it to you on level 10 of the
                  | Dungeon)
 12018 | D:10     | Received a gift from Okawaru
 12019 | D:10     | Reached skill level 10 in Fighting
 12019 | D:10     | Reached skill level 10 in Armour
 12065 | D:10     | Noticed an orc knight
 12097 | D:10     | Killed an orc knight
 12603 | D:10     | Reached XP level 12. HP: 34/98 MP: 14/14
 13323 | D:10     | Identified the +6 dagger of Havoc {vorpal, rN+ Str+6}
 13555 | D:11     | Noticed a five-headed hydra
 13569 | D:11     | Killed a nine-headed hydra
 13886 | D:11     | Found a staircase to the Orcish Mines.
 13886 | D:11     | Found Apeczete's Weapon Shop.
 13936 | D:11     | Bought a +3 hand axe of distortion for 269 gold pieces
 13980 | D:11     | Identified the +8 dagger "Pitomexy" {vorpal, Int+2 Stlth+}
 14022 | D:11     | You fall into a shaft and drop 3 floors!
 14287 | D:13     | Found a frozen archway.
 14296 | IceCv    | Entered an ice cave
 14306 | IceCv    | Reached skill level 11 in Fighting
 14646 | IceCv    | Reached skill level 10 in Axes
 15253 | IceCv    | Noticed a reaper
 15300 | IceCv    | Killed a reaper
 16002 | D:12     | Found Regyibu's Antique Armour Shop.
 16464 | D:11     | Reached XP level 13. HP: 89/107 MP: 15/15
 16470 | D:11     | Noticed a four-headed hydra
 16714 | Lair:1   | Entered Level 1 of the Lair of Beasts
 16751 | Lair:1   | Received a gift from Okawaru
 17113 | Lair:1   | Noticed a catoblepas
 17142 | Lair:1   | Killed a catoblepas
 17143 | Lair:1   | Reached skill level 12 in Fighting
 18035 | Lair:2   | Noticed a six-headed hydra
 18411 | Lair:2   | Identified the +1 great mace "Yprosh" {vorpal, Fragile
                  | Dex+6} (Okawaru gifted it to you on level 2 of the Lair of
                  | Beasts)
 18411 | Lair:2   | Received a gift from Okawaru
 18610 | Lair:2   | Killed a six-headed hydra
 19381 | D:11     | Reached skill level 13 in Fighting
 19551 | D:11     | Killed a four-headed hydra
 19998 | D:11     | Reached skill level 15 in Shields
 20237 | D:12     | Reached XP level 14. HP: 97/118 MP: 16/16
 20890 | D:13     | Reached ****** piety under Okawaru
 20941 | D:13     | Identified the +0 pair of boots of Vanity {+Blink rPois rF-
                  | Will++} (Okawaru gifted it to you on level 13 of the
                  | Dungeon)
 20941 | D:13     | Received a gift from Okawaru
 21088 | D:13     | Found a gate to the Vaults.
 21116 | D:13     | Reached skill level 14 in Fighting
 21866 | D:13     | Found an iron altar of Okawaru.
 22608 | Lair:3   | Reached skill level 15 in Fighting
 22743 | Lair:3   | Found a gate leading to a gauntlet.
 22760 | Gauntlet | Entered a Gauntlet
 22760 | Gauntlet | Found a transporter.
 22760 | Gauntlet | Found a transporter.
 22760 | Gauntlet | Found a transporter.
 22761 | Gauntlet | Found a transporter.
 22933 | Gauntlet | Found a transporter.
 22937 | Gauntlet | Found a transporter.
 22950 | Gauntlet | Found a transporter.
 22954 | Gauntlet | Found a transporter.
 22966 | Gauntlet | Found a transporter.
 22966 | Gauntlet | Found a transporter.
 23002 | Gauntlet | Found a transporter.
 23004 | Gauntlet | Found a transporter.
 23203 | Gauntlet | Got Sif Muna's Precepts of Scorched Interference
 23705 | Gauntlet | Noticed a minotaur
 23725 | Gauntlet | Killed a minotaur
 24445 | Lair:3   | Found a hole to the Spider Nest.
 25123 | Lair:3   | Found a staircase to the Shoals.
 25491 | Lair:4   | Reached XP level 15. HP: 51/130 MP: 17/17
 26318 | Lair:5   | Entered Level 5 of the Lair of Beasts
 26491 | Lair:5   | Reached skill level 16 in Fighting
 26541 | Lair:5   | Received a gift from Okawaru
 26776 | Lair:4   | Noticed Rupert
 26799 | Lair:4   | HP: 3/121 [Rupert/+5 great sword of flaming (10)]
 26814 | Lair:4   | Killed Rupert
 27694 | Lair:5   | Reached skill level 1 in Maces & Flails
 28461 | Lair:5   | Found a snail-covered altar of Cheibriados.
 28469 | Lair:5   | Received a gift from Okawaru
 28646 | Lair:5   | Found a viscous altar of Jiyva.
 28673 | Lair:5   | Found a staircase to the Slime Pits.
 28847 | Lair:5   | Reached skill level 17 in Fighting
 29412 | Lair:5   | Received a gift from Okawaru
 29965 | Lair:5   | Found a runed translucent door.
 30531 | D:14     | Received a gift from Okawaru
 30532 | D:14     | Reached skill level 15 in Armour
 30840 | D:14     | Reached XP level 16. HP: 135/141 MP: 16/18
 30968 | D:14     | Reached skill level 1 in Dodging
 31586 | D:15     | Entered Level 15 of the Dungeon
 31701 | D:15     | Found an ancient bone altar of Kikubaaqudgha.
 31703 | D:15     | Noticed Agnes
 31719 | D:15     | Killed Agnes
 31998 | D:15     | Noticed Josephine
 32003 | D:15     | Killed Josephine
 32038 | D:15     | Found Ehurph's Fire Supplies.
 32052 | D:15     | Bought a ring of protection from fire for 350 gold pieces
 32297 | D:15     | Reached skill level 5 in Maces & Flails
 32373 | D:15     | Found a staircase to the Depths.
 32605 | D:15     | Reached skill level 18 in Fighting
 33411 | D:15     | Reached skill level 5 in Invocations
 33630 | D:15     | Identified the +5 kite shield "Diur" {Harm rF+ Stlth+}
                  | (Okawaru gifted it to you on level 15 of the Dungeon)
 33630 | D:15     | Received a gift from Okawaru
 34180 | Orc:1    | Entered Level 1 of the Orcish Mines
 34852 | Orc:1    | Found a runed translucent door.
 35083 | Orc:1    | Found a shimmering blue altar of Sif Muna.
 35113 | Orc:1    | Got Sif Muna's Quarto of Forms
 35200 | Orc:2    | Entered Level 2 of the Orcish Mines
 35200 | Orc:2    | Noticed Jorgrun
 35221 | Orc:2    | Killed Jorgrun
 35430 | Orc:2    | Found a staircase to the Elven Halls.
 35885 | Orc:2    | Found Lychobb's Antique Armour Shop.
 35885 | Orc:2    | Found Sesoeroh's Weapon Shoppe.
 35887 | Orc:2    | Found Pinusset's General Store.
 35889 | Orc:2    | Found Wairaps's Antique Weapon Boutique.
 35915 | Orc:2    | Found a runed translucent gate.
 35915 | Orc:2    | Found a runed translucent gate.
 35915 | Orc:2    | Found a runed translucent gate.
 36047 | Orc:2    | Found an opulent altar of Gozag.
 36049 | Orc:2    | Found Fezeiff's Assorted Antiques.
 36049 | Orc:2    | Noticed SlaveLabor's ghost (journeyman DEEE)
 36138 | Orc:2    | Found Jiazom's Antique Weapon Boutique.
 36214 | Orc:2    | Killed SlaveLabor's ghost
 36443 | Orc:2    | Bought a condenser vane for 1160 gold pieces
 36443 | Orc:2    | Bought a potion of curing for 87 gold pieces
 36670 | Spider:1 | Entered Level 1 of the Spider Nest
 36702 | Spider:1 | Reached XP level 17. HP: 119/151 MP: 21/21
 37207 | Spider:1 | Gained mutation: Your body sometimes deteriorates upon
                  | taking damage. [mutagenic glow]
 37437 | Spider:1 | Received a gift from Okawaru
 37456 | Spider:1 | Reached skill level 19 in Fighting
 37991 | Spider:1 | Received a gift from Okawaru
 38007 | Spider:1 | HP: 6/153 [poisoned by a redback]
 38025 | Spider:1 | Slain by a wolf spider

Illustrated notes

Levels and vault maps discovered:
D:1:      dpeg_arrival_rooms_a, layout_loops_ring
D:2:      layout_loops_corners
D:3:      layout_rooms, moated_statue
D:4:      layout_loops_cross, nicolae_qazlal_scattered_showers,
          minmay_temple_entry_glass, kennysheep_generic_room_11
D:5:      layout_cave_pods
D:6:      layout_loops_cross, uniq_eustachio
D:7:      layout_basic, lemuel_tele_altar, enter_bailey_3, serial_glass,
          glass_columns_a, glass_columns_a, glass_columns_c, glass_columns_a,
          glass_columns_a, glass_columns_a, glass_columns_a, glass_columns_c
D:8:      layout_basic, lemuel_doored_altar, nicolae_overflow_hidden_temple
D:9:      layout_basic, nicolae_ru_sacrificial_ziggurat, elyvilon_altar_4,
          grunt_lair_entry_orc_guard_hut, nicolae_kite_square_tiling_tiny,
          uniq_erica
D:10:     cheibrodos_barr_body, layout_loops_corners, uniq_grum
D:11:     minmay_polygon_palace, layout_cave_pools, orc_david_3
D:12:     layout_basic, serial_curves, eino_curves_01, eino_curves_04,
          serial_shops, shop
D:13:     layout_long_grid, lightli_vaults_fourway_checkpoint, serial_ice,
          serial_ice_c, serial_ice_i, serial_ice_b, serial_ice_m, serial_ice_n,
          serial_ice_e, portal_ice_cave_entry_pillars_2, dk_noncrumbling_2,
          okawaru_ov_weapons_minmay
D:14:     layout_loops_cross, minivault_24, dreamdust_mushroom_princess
D:15:     grunt_enter_depths_giant_problem, layout_loops_ring,
          kiku_gazebo_pond_becter, nicolae_shop_fire_sale
          [nicolae_sub_dead_trees], evilmike_minifort, uniq_josephine,
          uniq_agnes
Temple:   nicolae_temple_figure_eight
Lair:1:   layout_regular_city, infiniplex_staircase_pool_2, serial_bayou_shore_b
Lair:2:   layout_hall_layers, nicolae_quartered_pool_medium, grunt_megastairs_5,
          lemuel_fruit_fields
Lair:3:   layout_layer_cave, minmay_shoals_entry_hut, spider_nest_entry_rubble,
          gauntlet_entry_generic, dreamdust_deal_with_the_devil
Lair:4:   nzn_motion_control, layout_cave_pods, disabler_island,
          grunt_megastairs_3, uniq_rupert
Lair:5:   guppyfry_lair_end_dragon, layout_regular_city, wormcave,
          minmay_slime_entry_oklob_enclosed, chequers_serial_rivers_room_b,
          kennysheep_snail_temple
Spider:1: layout_spider_delve, hangedman_spider_tarantella_strand
Orc:1:    dreamdust_dug_too_deep, layout_diamond_mine, led_sif_book
Orc:2:    st_orc_rangers, layout_diamond_mine, serial_shops, shop,
          ebering_ghost_gozag, uniq_jorgrun

Skill      XL: |  1  2  3  4  5  6  7  8  9 10 11 12 13 14 15 16 17 |
---------------+----------------------------------------------------+-----
Fighting       | 4 5 6 7 9 10 11 13 15 17 18 19 | 19.1
Armour         | 4 5 6 7 9 10 11 12 13 15 | 15.0
Axes           | 3 4 5 6 8 9 10 11 12 13 | 13.5
Shields        | 5 6 7 9 11 12 13 15 16 | 16.0
Invocations    | 3 6 7 |  7.2
Maces & Flails | 4 5 |  5.6
Dodging        | 4 |  4.9

Action                   |  1- 3 |  4- 6 |  7- 9 | 10-12 | 13-15 | 16-18 || total
-------------------------+-------+-------+-------+-------+-------+-------++-------
Melee: War axe           |    70 |   128 |   258 |   763 |   242 |       ||  1461
       Great mace        |       |       |       |       |   921 |   161 ||  1082
       Broad axe         |       |       |       |       |       |   414 ||   414
       Battleaxe         |       |       |       |       |       |     7 ||     7
Invok: Heroism           |       |       |    10 |    22 |    24 |    10 ||    66
       Finesse           |       |       |       |     1 |     6 |     4 ||    11
 Abil: Dig               |       |       |     2 |     8 |     9 |     3 ||    22
Evoke: Wand              |       |       |       |    10 |    11 |     1 ||    22
       Tin of tremorston |       |       |       |       |     2 |     3 ||     5
       Condenser vane    |       |       |       |       |       |     1 ||     1
  Use: Potion            |       |     1 |     1 |     5 |     6 |     5 ||    18
       Scroll            |       |       |    19 |     4 |     4 |     1 ||    28
 Stab: Petrified         |       |       |       |       |       |     3 ||     3
       Confused          |       |       |       |       |       |     1 ||     1
Armor: Scale mail        |    31 |    46 |    61 |       |       |       ||   138
       Plate armour      |       |       |    14 |   156 |   118 |   264 ||   552
       Chain mail        |       |       |       |    82 |   273 |       ||   355
       Fire dragon scale |       |       |       |       |       |     1 ||     1
Dodge: Dodged            |    23 |    30 |    75 |   122 |   225 |   141 ||   616
Block: Tower shield      |    60 |   108 |   290 |   908 |  1608 |   887 ||  3861
       Reflection        |       |       |       |    11 |    17 |   106 ||   134
